 Dungeon Crawl Stone Soup version 0.24-a0-67-ga78bd38d5a (webtiles) character file.

Game seed: 10225395683979789392

354 Roikka the Charmwright (level 6, -3/45 HPs)
             Began as a Gnoll Skald on Feb 5, 2019.
             Was a Follower of Hepliaklqana.
             Slain by an ogre
             ... wielding a +0 giant club
              (24 damage)
             ... on level 4 of the Dungeon.
             The game lasted 00:15:08 (3804 turns).

Roikka the Charmwright (Gnoll Skald)                Turns: 3804, Time: 00:15:08

Health: -3/45      AC: 10    Str: 14    XL:     6   Next: 63%
Magic:  14/14      EV: 12    Int: 18    God:    Hepliaklqana [*.....]
Gold:   182        SH:  0    Dex: 16    Spells: 4/15 levels left

rFire    . . .     SeeInvis .   a - +4 morningstar
rCold    . . .     Gourm    .   (no shield)
rNeg     . . .     Faith    .   p - +0 scale mail
rPois    .         Spirit   .   z - +1 helmet
rElec    .         Reflect  .   (no cloak)
rCorr    .         Harm     .   i - +0 pair of gloves
MR       .....                  (no boots)
Stlth    +.........             m - amulet of rage
HPRegen  0.15/turn              q - +3 ring of intelligence
MPRegen  0.14/turn              (no ring)

@: no status effects
A: distributed training, reduced essence, fangs 1, strong nose
a: Recall Ancestor, Ancestor Identity, Renounce Religion, Evoke Berserk Rage


You were on level 4 of the Dungeon.
You worshipped Hepliaklqana.
Hepliaklqana was aware of your devotion.
You were not hungry.

You visited 1 branch of the dungeon, and saw 4 of its levels.

You collected 182 gold pieces.

Inventory:

Hand Weapons
 a - a +4 morningstar (weapon)
 b - a +0 hunting sling
 u - a +0 hand axe
 y - a +0 blowgun
Missiles
 c - 101 stones (quivered)
 g - 79 arrows
 h - 37 poisoned needles
 o - 35 bolts
Armour
 i - a +0 pair of gloves (worn)
 p - a +0 scale mail (worn)
 z - a +1 helmet (worn)
Jewellery
 m - an amulet of rage (around neck)
 q - a +3 ring of intelligence (left hand)
Scrolls
 e - 3 scrolls of remove curse
 l - a scroll of identify
 n - a scroll of amnesia
 v - a scroll of blinking
 x - a scroll of enchant armour
Potions
 f - a potion of mutation {unknown}
 j - a potion of degeneration {unknown}
 r - a potion of resistance {unknown}
 s - a potion of brilliance {unknown}
 t - 4 potions of heal wounds {unknown}
Comestibles
 d - 11 rations
 k - 4 chunks of flesh


   Skills:
 + Level 5.0 Fighting
 + Level 2.0 Short Blades
 + Level 2.0 Long Blades
 + Level 5.0 Axes
 + Level 2.0 Maces & Flails
 + Level 2.0 Polearms
 + Level 2.0 Staves
 + Level 2.0 Slings
 + Level 2.0 Bows
 + Level 2.0 Crossbows
 + Level 2.0 Throwing
 + Level 3.3 Armour
 + Level 5.0 Dodging
 + Level 2.0 Stealth
 + Level 2.0 Shields
 + Level 2.0 Unarmed Combat
 + Level 5.4 Spellcasting
 + Level 1.6 Conjurations
 + Level 1.6 Hexes
 + Level 5.7 Charms
 + Level 1.6 Summonings
 + Level 1.6 Necromancy
 + Level 1.6 Translocations
 + Level 1.6 Transmutations
 + Level 1.6 Fire Magic
 + Level 1.6 Ice Magic
 + Level 1.6 Air Magic
 + Level 1.6 Earth Magic
 + Level 1.6 Poison Magic
 + Level 2.2 Invocations
 + Level 2.0 Evocations


You had 4 spell levels left.
You knew the following spells:

 Your Spells              Type           Power        Failure   Level  Hunger
a - Infusion              Chrm           ####         4%          1    None
b - Song of Slaying       Chrm           ####....     8%          2    #......
c - Shroud of Golubria    Chrm/Tloc      ###.......   17%         2    #......
d - Regeneration          Chrm/Necr      ###.......   34%         3    ##.....
e - Spectral Weapon       Hex/Chrm       ###.....     34%         3    ##.....

Your spell library contained the following spells:

 Spells                   Type           Power        Failure   Level  Hunger


Dungeon Overview and Level Annotations

Branches:
Dungeon (4/15)             Temple (0/1) D:4

Altars:
Ashenzari
Hepliaklqana
Ru


Innate Abilities, Weirdness & Mutations

Your experience applies equally to all skills.
You have very sharp teeth.
Your uncanny sense of smell can sniff out nearby items.
Your life essence is reduced to manifest your ancestor. (-10% HP)


Message History

The crimson imp puffs mist at you.
The ogre closely misses Cuahtemoc.
Cuahtemoc barely misses the ogre.
a - a +4 morningstar (weapon)
Cuahtemoc hits the ogre.
The ogre hits Cuahtemoc with a +0 giant club!
The crimson imp blinks!
Cuahtemoc hits the ogre.
You swap places.
The ogre closely misses you.
You completely miss the ogre.
The ogre is moderately wounded.
The ogre hits you with a +0 giant club!!
Ouch! That really hurt!
Cuahtemoc hits the ogre.
Cuahtemoc hits the ogre.
Your scale mail prevents you from hitting the ogre.
The ogre is heavily wounded.
Cuahtemoc barely misses the ogre.
The ogre hits you with a +0 giant club!!
Ouch! That really hurt!
You die...

⌠.⌠ ### #..##... #.#
#..#... #.# #..... #
##.######..#. ..
#....##.....# ..
##...##.....# .##
#.....####./###
..#####.#.......@O.#
...##.........##.R.5.....
......##...##...#......##
....###...####..#.##...#
...........#....... ...#
...###.......#.....# ....
...###............## .##
.)................# ##
................#..


You could see the friendly Cuahtemoc the ancestor, an ogre and a crimson imp.

Vanquished Creatures
  A wight (D:3)
  Terence (D:2)
  An iguana (D:4)
  Robin (D:2)
  A worker ant zombie (D:3)
  6 adders
  An ooze (D:4)
  An adder skeleton (D:4)
  2 worms (D:2)
  A dart slug (D:1)
  A leopard gecko (D:2)
  4 orcs
  2 ball pythons (D:1)
  8 bats
  2 giant cockroaches (D:1)
  8 hobgoblins
  12 jackals
  2 frilled lizards
  12 goblins
  6 kobolds
  6 rats
79 creatures vanquished.

Vanquished Creatures (collateral kills)
  The ghost of brucemayne the Chopper, a weakling HOMo (D:3)
  A worker ant (D:4)
  A dart slug (D:4)
  2 orcs (D:4)
  A giant cockroach (D:4)
  3 goblins
  A bat (D:3)
  A frilled lizard (D:3)
  6 kobolds (D:2)
  A rat (D:3)
18 creatures vanquished.

Grand Total: 97 creatures vanquished

Notes
Turn   | Place    | Note
-------+----------+-------------------------------------------
     0 | D:1      | Roikka the Gnoll Skald began the quest for the Orb.
     0 | D:1      | Reached XP level 1. HP: 20/20 MP: 6/6
    91 | D:1      | Found a shattered altar of Ashenzari.
   148 | D:1      | Reached XP level 2. HP: 26/26 MP: 7/7
   573 | D:1      | Learned a level 2 spell: Song of Slaying
   735 | D:1      | Reached XP level 3. HP: 31/31 MP: 6/9
   746 | D:1      | Reached skill level 5 in Spellcasting
  1290 | D:2      | Reached skill level 1 in Invocations
  1295 | D:2      | Learned a level 2 spell: Shroud of Golubria
  1418 | D:2      | Noticed Terence
  1441 | D:2      | Killed Terence
  1441 | D:2      | Reached skill level 1 in Short Blades
  1441 | D:2      | Reached skill level 1 in Long Blades
  1441 | D:2      | Reached skill level 1 in Maces & Flails
  1441 | D:2      | Reached skill level 1 in Polearms
  1441 | D:2      | Reached skill level 1 in Staves
  1441 | D:2      | Reached skill level 1 in Slings
  1441 | D:2      | Reached skill level 1 in Bows
  1441 | D:2      | Reached skill level 1 in Crossbows
  1441 | D:2      | Reached skill level 1 in Throwing
  1441 | D:2      | Reached skill level 1 in Stealth
  1441 | D:2      | Reached skill level 1 in Shields
  1441 | D:2      | Reached skill level 1 in Unarmed Combat
  1441 | D:2      | Reached skill level 1 in Evocations
  1441 | D:2      | Reached XP level 4. HP: 36/38 MP: 4/11
  1460 | D:2      | You fall through a shaft!
  1460 | D:3      | Found a hazy altar of Hepliaklqana.
  1467 | D:3      | Became a worshipper of Hepliaklqana the Forgotten
  1589 | D:3      | Reached skill level 1 in Conjurations
  1589 | D:3      | Reached skill level 1 in Hexes
  1589 | D:3      | Reached skill level 1 in Summonings
  1589 | D:3      | Reached skill level 1 in Necromancy
  1589 | D:3      | Reached skill level 1 in Translocations
  1589 | D:3      | Reached skill level 1 in Transmutations
  1589 | D:3      | Reached skill level 1 in Fire Magic
  1589 | D:3      | Reached skill level 1 in Ice Magic
  1589 | D:3      | Reached skill level 1 in Air Magic
  1589 | D:3      | Reached skill level 1 in Earth Magic
  1589 | D:3      | Reached skill level 1 in Poison Magic
  1589 | D:3      | Reached XP level 5. HP: 12/38 MP: 9/12
  2290 | D:2      | Noticed Robin
  2308 | D:2      | Killed Robin
  2442 | D:2      | Learned a level 3 spell: Regeneration
  2446 | D:2      | Learned a level 3 spell: Spectral Weapon
  2679 | D:3      | Found a sacrificial altar of Ru.
  2702 | D:3      | Reached XP level 6. HP: 45/45 MP: 13/13
  2859 | D:3      | Reached * piety under Hepliaklqana
  2886 | D:3      | Found a shattered altar of Ashenzari.
  3349 | D:3      | Found a runed translucent gate.
  3350 | D:3      | Found a runed translucent gate.
  3350 | D:3      | Found a runed translucent gate.
  3353 | D:3      | Noticed brucemayne's ghost (weakling HOMo)
  3364 | D:3      | Killed brucemayne's ghost
  3714 | D:4      | Reached skill level 5 in Fighting
  3714 | D:4      | Reached skill level 5 in Axes
  3714 | D:4      | Reached skill level 5 in Dodging
  3784 | D:4      | Found a staircase to the Ecumenical Temple.
  3804 | D:4      | Slain by an ogre

Vault maps used:
D:1:      dpeg_arrival_signposts, ashenzari_altar_1
D:2:      first_ration, minmay_goblin_kobold_house, uniq_terence, uniq_robin
D:3:      minmay_spotlight, lemuel_crystal_altar, old_standard_altar,
          overflow_temple_1_default, ebering_ghost_rock_garden
D:4:      nicolae_overflow_crystal_walls, temple_doors_e,
          grunt_dithmenos_shadows

Skill      XL: |  1  2  3  4  5  6 |
---------------+-------------------+-----
Spellcasting   | 5 |  5.4
Invocations    | 1 2 |  2.2
Short Blades   | 1 2 |  2.0
Long Blades    | 1 2 |  2.0
Maces & Flails | 1 2 |  2.0
Polearms       | 1 2 |  2.0
Staves         | 1 2 |  2.0
Slings         | 1 2 |  2.0
Bows           | 1 2 |  2.0
Crossbows      | 1 2 |  2.0
Throwing       | 1 2 |  2.0
Stealth        | 1 2 |  2.0
Shields        | 1 2 |  2.0
Unarmed Combat | 1 2 |  2.0
Evocations     | 1 2 |  2.0
Conjurations   | 1 |  1.6
Hexes          | 1 |  1.6
Summonings     | 1 |  1.6
Necromancy     | 1 |  1.6
Translocations | 1 |  1.6
Transmutations | 1 |  1.6
Fire Magic     | 1 |  1.6
Ice Magic      | 1 |  1.6
Air Magic      | 1 |  1.6
Earth Magic    | 1 |  1.6
Poison Magic   | 1 |  1.6
Armour         | 3 |  3.3
Fighting       | 5 |  5.0
Axes           | 5 |  5.0
Dodging        | 5 |  5.0
Charms         | |  5.7

Action                   |  1- 3 |  4- 6 || total
-------------------------+-------+-------++-------
Melee: Hand axe          |   111 |    33 ||   144
       Bite              |     8 |    15 ||    23
       Morningstar       |       |    95 ||    95
 Fire: Hunting sling     |       |     4 ||     4
Throw: Stone             |    13 |     8 ||    21
 Cast: Infusion          |     3 |       ||     3
       Song of Slaying   |     2 |     2 ||     4
       Shroud of Golubri |     1 |     1 ||     2
Invok: Recall Ancestor   |       |     1 ||     1
  Use: Scroll            |       |    12 ||    12
 Stab: Sleeping          |     1 |       ||     1
       Distracted        |       |     1 ||     1
  Eat: Chunk             |     2 |     8 ||    10
Armor: Leather armour    |    10 |       ||    10
       Scale mail        |    18 |    81 ||    99
Dodge: Dodged            |    67 |   103 ||   170

Table legend:
 A = Non-vault XP
 B = Vault XP
 C = Vault XP percentage of total XP
 D = Non-vault monster count
 E = Vault monster count
 F = Vault count percentage of total count
                 A         B        C        D         E       F
            +---------+---------+-------+---------+---------+-------
      Total |     300 |     207 |  40.8 |      74 |      23 |  23.7
            +---------+---------+-------+---------+---------+-------
        D:1 |      45 |       0 |   0.0 |      24 |       0 |   0.0
        D:2 |      73 |      83 |  53.2 |      20 |      19 |  48.7
        D:3 |      69 |     124 |  64.2 |      19 |       4 |  17.4
        D:4 |     113 |       0 |   0.0 |      11 |       0 |   0.0
            +---------+---------+-------+---------+---------+-------
